SAA
LONG ISLAND SEAWOLVES @ SPRINGFIELD SHOOTERS
07/29/2030
 
TOP OF THE 1ST
Long Island Seawolves batting - Pitching for Springfield Shooters : RHP Tony DeWitt
Pitching: RHP Tony DeWitt
Batting: SHB Josh Sanders 0-0: Ball
1-0: Ball
2-0: Fly out, F7 (Flyball, 78S)
Batting: LHB Roberto Valle 0-0: Called Strike
0-1: Ball
1-1: SINGLE (Line Drive, 8LS)
Batting: LHB Jackson Curry 0-0: Fielders Choice at 2nd, 4-6 (Groundball, 4)
Batting: LHB Pedro Colón 0-0: Called Strike
0-1: Ball
1-1: Ball
2-1: Foul Ball, location: 2F
2-2: Strikes out swinging
Top of the 1st over - 0 runs, 1 hit, 0 errors, 1 left on base; Long Island 0 - Springfield 0
BOTTOM OF THE 1ST
Springfield Shooters batting - Pitching for Long Island Seawolves : RHP Júlio González
Pitching: RHP Júlio González
Batting: LHB César Gómes 0-0: Fly out, F4 (Popup, 4S)
Batting: RHB Mike Mays 0-0: Called Strike
0-1: Fly out, F7 (Line Drive, 78M)
Batting: LHB John Schaefer 0-0: Ball
1-0: Fly out, F8 (Flyball, 78M)
Bottom of the 1st over - 0 runs, 0 hits, 0 errors, 0 left on base; Long Island 0 - Springfield 0
TOP OF THE 2ND
Long Island Seawolves batting - Pitching for Springfield Shooters : RHP Tony DeWitt
Batting: RHB Rob McGinnity 0-0: Ground out 5-3 (Groundball, 5)
Batting: LHB Wilson López 0-0: Ball
1-0: Ground out 4-3 (Groundball, 4)
Batting: RHB Abad Lugo 0-0: Ball
1-0: Called Strike
1-1: Ball
2-1: Ball
3-1: Foul Ball, location: 2F
3-2: Foul Ball, location: 2F
3-2: Ground out 6-3 (Groundball, 6)
Top of the 2nd over - 0 runs, 0 hits, 0 errors, 0 left on base; Long Island 0 - Springfield 0
BOTTOM OF THE 2ND
Springfield Shooters batting - Pitching for Long Island Seawolves : RHP Júlio González
Batting: LHB Marshall Willis 0-0: Ball
1-0: Ball
2-0: SINGLE (Groundball, 6MD)
Batting: RHB Fletcher Megarity 0-0: Called Strike
0-1: Ball
1-1: Ball
2-1: Swinging Strike
2-2: Ball
3-2: Strikes out swinging
Marshall Willis steals 2nd base
Batter strikes out.
Batting: RHB Sébastien Bernard 0-0: Foul Ball, location: 2F
0-1: Called Strike
0-2: SINGLE (Line Drive, 8LS)
Marshall Willis to third
Batting: RHB Eun-bum Kim 0-0: Ball
Pickoff Throw to First - Out!
1-0: Called Strike
1-1: Ground out 4-3 (Groundball, 4)
Bottom of the 2nd over - 0 runs, 2 hits, 0 errors, 1 left on base; Long Island 0 - Springfield 0
TOP OF THE 3RD
Long Island Seawolves batting - Pitching for Springfield Shooters : RHP Tony DeWitt
Batting: RHB Ricardo Pulido 0-0: Ball
1-0: SINGLE (Flyball, 7S)
Batting: LHB Greg Watkins 0-0: Called Strike
Ricardo Pulido steals 2nd base
0-1: Ball
1-1: Called Strike
1-2: Ball
2-2: Strikes out swinging
Batting: SHB Josh Sanders 0-0: Called Strike
0-1: Called Strike
0-2: Ball
1-2: Ball
2-2: Ground out 4-3 (Groundball, 4)
Ricardo Pulido to third
Batting: LHB Roberto Valle 0-0: Foul Ball, location: 2F
0-1: Ground out 5-3 (Groundball, 5S)
Top of the 3rd over - 0 runs, 1 hit, 0 errors, 1 left on base; Long Island 0 - Springfield 0
BOTTOM OF THE 3RD
Springfield Shooters batting - Pitching for Long Island Seawolves : RHP Júlio González
Batting: RHB Barrett Drury 0-0: Foul Ball, location: 2F
0-1: Ball
1-1: Ball
2-1: Ball
3-1: Foul Ball, location: 2F
3-2: Foul Ball, location: 2F
3-2: Base on Balls
Batting: RHB Júlio Barajas 0-0: Foul Ball, location: 2F
0-1: Ball
Wild Pitch!
Barrett Drury to second
1-1: Ball
2-1: Swinging Strike
2-2: Ball
3-2: Foul Ball, location: 2F
3-2: Base on Balls
Batting: LHB César Gómes 0-0: Ball
1-0: Foul Ball, location: 2F
1-1: Foul Ball, location: 2F
1-2: Ball
2-2: Foul Ball, location: 2F
2-2: Foul Ball, location: 2F
2-2: TRIPLE (Flyball, 8RXD)
Barrett Drury scores
Júlio Barajas scores
Batting: RHB Mike Mays 0-0: Called Strike
0-1: Called Strike
0-2: Ball
1-2: Strikes out swinging
Batting: LHB John Schaefer 0-0: Ball
1-0: Ball
2-0: Ball
3-0: Base on Balls
Batting: LHB Marshall Willis 0-0: Called Strike
0-1: Fly out, F8 (Flyball, 8LD)
Runner from 3rd tags up, SCORES, no throw
Batting: RHB Fletcher Megarity 0-0: Ball
1-0: SINGLE (Line Drive, 9S)
John Schaefer to second
Batting: RHB Sébastien Bernard 0-0: SINGLE (Flyball, 8RS)
John Schaefer to third
Fletcher Megarity to second
Batting: RHB Eun-bum Kim 0-0: Ball
1-0: Called Strike
1-1: Ball
2-1: Foul Ball, location: 2F
2-2: Foul Ball, location: 2F
2-2: Fly out, F5 (Line Drive, 5)
Bottom of the 3rd over - 3 runs, 3 hits, 0 errors, 3 left on base; Long Island 0 - Springfield 3
TOP OF THE 4TH
Long Island Seawolves batting - Pitching for Springfield Shooters : RHP Tony DeWitt
Batting: LHB Jackson Curry 0-0: Foul Ball, location: 2F
0-1: Ball
1-1: Ball
2-1: Foul Ball, location: 2F
2-2: Strikes out looking
Batting: LHB Pedro Colón 0-0: Foul Ball, location: 2F
0-1: Ball
1-1: Fly out, F3 (Line Drive, 3L)
Batting: RHB Rob McGinnity 0-0: Fly out, F9 (Flyball, 89S)
Top of the 4th over - 0 runs, 0 hits, 0 errors, 0 left on base; Long Island 0 - Springfield 3
BOTTOM OF THE 4TH
Springfield Shooters batting - Pitching for Long Island Seawolves : RHP Júlio González
Batting: RHB Barrett Drury 0-0: Called Strike
0-1: Swinging Strike
0-2: Ball
1-2: Foul Ball, location: 2F
1-2: Foul Ball, location: 2F
1-2: Ground out 6-3 (Groundball, 56)
Batting: RHB Júlio Barajas 0-0: Called Strike
0-1: Ball
1-1: Fly out, F8 (Flyball, 8RS)
Batting: LHB César Gómes 0-0: Fly out, F7 (Line Drive, 7S)
Bottom of the 4th over - 0 runs, 0 hits, 0 errors, 0 left on base; Long Island 0 - Springfield 3
TOP OF THE 5TH
Long Island Seawolves batting - Pitching for Springfield Shooters : RHP Tony DeWitt
Batting: LHB Wilson López 0-0: Ball
1-0: Called Strike
1-1: Called Strike
1-2: Ground out 5-3 (Groundball, 5)
Batting: RHB Abad Lugo 0-0: Ball
1-0: Ball
2-0: TRIPLE (Flyball, 8LXD)
Batting: RHB Ricardo Pulido 0-0: Called Strike
0-1: Fly out, F9 (Line Drive, 9S)
Runner from 3rd tags up, SCORES, no throw
Batting: LHB Greg Watkins 0-0: Fly out, F8 (Flyball, 8RD)
Top of the 5th over - 1 run, 1 hit, 0 errors, 0 left on base; Long Island 1 - Springfield 3
BOTTOM OF THE 5TH
Springfield Shooters batting - Pitching for Long Island Seawolves : RHP Júlio González
Batting: RHB Mike Mays 0-0: Ball
1-0: Swinging Strike
1-1: DOUBLE (Groundball, 3D)
Pinch Runner at 2nd Jack Stidston:
Batting: LHB John Schaefer 0-0: Foul Ball, location: 2F
0-1: Ball
1-1: Fly out, F7 (Flyball, 7D)
Runner from 2nd tags up, SAFE at 3rd, no throw
Batting: LHB Marshall Willis 0-0: Ground out 6-3 (Groundball, 6M)
Jack Stidston scores
Batting: RHB Fletcher Megarity 0-0: Ball
1-0: Ball
2-0: Ball
3-0: Base on Balls
Batting: RHB Sébastien Bernard 0-0: Ball
Fletcher Megarity is caught stealing 2nd base
Bottom of the 5th over - 1 run, 1 hit, 0 errors, 0 left on base; Long Island 1 - Springfield 4
TOP OF THE 6TH
Long Island Seawolves batting - Pitching for Springfield Shooters : RHP Tony DeWitt
Now at SS: Jack Stidston
Batting: SHB Josh Sanders 0-0: Swinging Strike
0-1: Ball
1-1: Fly out, F8 (Flyball, 89M)
Batting: LHB Roberto Valle 0-0: Ball
1-0: Swinging Strike
1-1: Ball
2-1: Ball
3-1: Foul Ball, location: 2F
3-2: Foul Ball, location: 2F
3-2: Strikes out swinging
Batting: LHB Jackson Curry 0-0: Ball
1-0: Called Strike
1-1: SINGLE (Line Drive, 78M)
Batting: LHB Pedro Colón 0-0: Ball
1-0: Called Strike
1-1: Foul Ball, location: 2F
1-2: Ball
2-2: Ball
3-2: Foul Ball, location: 2F
3-2: Fly out, F7 (Flyball, 78M)
Top of the 6th over - 0 runs, 1 hit, 0 errors, 1 left on base; Long Island 1 - Springfield 4
BOTTOM OF THE 6TH
Springfield Shooters batting - Pitching for Long Island Seawolves : RHP Júlio González
Batting: RHB Sébastien Bernard 0-0: Ball
1-0: Called Strike
1-1: Called Strike
1-2: Foul Ball, location: 2F
1-2: Ball
2-2: SINGLE (Groundball, 25) (infield hit)
Batting: RHB Eun-bum Kim 0-0: Sac Bunt - play at first, batter OUT! 3-4
Sébastien Bernard to second
Batting: RHB Barrett Drury 0-0: Ball
1-0: Ball
2-0: Foul Ball, location: 2F
2-1: Ball
3-1: Base on Balls
Batting: RHB Júlio Barajas 0-0: Ball
1-0: Foul Ball, location: 2F
1-1: SINGLE (Line Drive, 8RS)
Sébastien Bernard to third
Barrett Drury to second
Batting: LHB César Gómes 0-0: Grounds into fielders choice 3-2 (Groundball, 3L)
Barrett Drury to third
Júlio Barajas to second
Batting: RHB Jack Stidston 0-0: Fly out, F4 (Flyball, 34D)
Bottom of the 6th over - 0 runs, 2 hits, 0 errors, 3 left on base; Long Island 1 - Springfield 4
TOP OF THE 7TH
Long Island Seawolves batting - Pitching for Springfield Shooters : RHP Tony DeWitt
Batting: RHB Rob McGinnity 0-0: Ball
1-0: Called Strike
1-1: Swinging Strike
1-2: Ball
2-2: Reached on error, E3 (Groundball, 3)
Batting: LHB Wilson López 0-0: Ball
1-0: Called Strike
1-1: Ball
2-1: Ball
3-1: Called Strike
3-2: Ground out 4-3 (Groundball, 34)
Rob McGinnity to second
Batting: RHB Abad Lugo 0-0: Fly out, F6 (Popup, 6M)
Batting: RHB Ricardo Pulido 0-0: Called Strike
0-1: Called Strike
0-2: Ball
1-2: Ball
2-2: Foul Ball, location: 2F
2-2: Strikes out swinging
Top of the 7th over - 0 runs, 0 hits, 1 error, 1 left on base; Long Island 1 - Springfield 4
BOTTOM OF THE 7TH
Springfield Shooters batting - Pitching for Long Island Seawolves : RHP Júlio González
Batting: LHB John Schaefer 0-0: Called Strike
0-1: Ball
1-1: Ground out U3 (Groundball, 3)
Batting: LHB Marshall Willis 0-0: SINGLE (Flyball, 78M)
Batting: RHB Fletcher Megarity 0-0: Ball
Marshall Willis steals 2nd base
1-0: Intentional Walk
Batting: RHB Sébastien Bernard 0-0: Ball
1-0: Foul Ball, location: 2F
1-1: Ball
2-1: Ball
3-1: SINGLE (Flyball, 56D)
Marshall Willis to third
Fletcher Megarity to second
Pinch Hitting: LHB Armando Rodríguez 0-0: Ball
1-0: Fly out, F7 (Flyball, 78M)
Runner from 3rd tags up, OUT at HOME
Bottom of the 7th over - 0 runs, 2 hits, 0 errors, 2 left on base; Long Island 1 - Springfield 4
TOP OF THE 8TH
Long Island Seawolves batting - Pitching for Springfield Shooters : RHP Tony DeWitt
Pitching: RHP Richard Hubbard
Now at 1B: Javier De Jesús
Batting: LHB Greg Watkins 0-0: Ball
1-0: Foul Ball, location: 2F
1-1: Swinging Strike
1-2: SINGLE (Groundball, 56D)
Batting: SHB Josh Sanders 0-0: Ball
1-0: Ball
2-0: Foul Ball, location: 2F
2-1: SINGLE (Groundball, 4) (infield hit)
Greg Watkins to second
Batting: LHB Roberto Valle 0-0: Called Strike
0-1: Foul Ball, location: 2F
0-2: Foul Ball, location: 2F
0-2: Strikes out swinging
Batting: LHB Jackson Curry 0-0: Grounds into double play, 4-6-3 (Groundball, 4)
Top of the 8th over - 0 runs, 2 hits, 0 errors, 1 left on base; Long Island 1 - Springfield 4
BOTTOM OF THE 8TH
Springfield Shooters batting - Pitching for Long Island Seawolves : RHP Júlio González
Batting: RHB Barrett Drury 0-0: Foul Ball, location: 2F
0-1: Ball
1-1: Called Strike
1-2: Fly out, F4 (Popup, 4M)
Pitching: RHP Pedro Leyva
Batting: RHB Júlio Barajas 0-0: Swinging Strike
0-1: Ground out 5-3 (Groundball, 56S)
Batting: LHB César Gómes 0-0: SINGLE (Line Drive, 9LS)
Batting: RHB Jack Stidston 0-0: Ball
César Gómes steals 2nd base
1-0: Ball
2-0: Called Strike
2-1: Foul Ball, location: 2F
2-2: Strikes out swinging
Bottom of the 8th over - 0 runs, 1 hit, 0 errors, 1 left on base; Long Island 1 - Springfield 4
TOP OF THE 9TH
Long Island Seawolves batting - Pitching for Springfield Shooters : RHP Richard Hubbard
Pitching: RHP Dermot Eridge
Batting: LHB Pedro Colón 0-0: Swinging Strike
0-1: Ground out 6-3 (Groundball, 6)
Batting: RHB Rob McGinnity 0-0: SINGLE (Flyball, 7S)
Batting: LHB Wilson López 0-0: Swinging Strike
0-1: Swinging Strike
0-2: Ball
1-2: Ground out U3 (Groundball, 3)
Rob McGinnity to second
Batting: RHB Abad Lugo 0-0: Fly out, F7 (Flyball, 7LM)
Top of the 9th over - 0 runs, 1 hit, 0 errors, 1 left on base; Long Island 1 - Springfield 4
Sunday, March 18th, 2018 - OOTP Baseball 18.8 Build 76